 Dungeon Crawl Stone Soup version 0.27.1-34-g3ba077fa99 (webtiles) character file.

Game seed: 16473733593757940965

66 zeram the Sneak (level 3, -2/18 HPs)
             Began as a Spriggan Brigand on Jan 15, 2022.
             Succumbed to a scorpion's poison
             ... on level 3 of the Dungeon.
             The game lasted 00:03:06 (2446 turns).

zeram the Sneak (Spriggan Brigand)                  Turns: 2446, Time: 00:03:06

Health: -2/18      AC:  3    Str:  8    XL:     3   Next: 96%
Magic:  4/4        EV: 17    Int: 12    God:
Gold:   61         SH:  0    Dex: 16    Spells: 2/2 levels left

rFire    . . .     SeeInvis +   a - +3 dagger
rCold    . . .     Faith    .   (shield restricted)
rNeg     . . .     Spirit   .   b - +0 robe
rPois    .         Reflect  .   (helmet restricted)
rElec    .         Harm     .   c - +0 cloak
rCorr    .         Rampage  .   (gloves unavailable)
Will     .....                  (boots unavailable)
Stlth    ++++......             (no amulet)
HPRegen  0.06/turn              (no ring)
MPRegen  0.09/turn              (no ring)

@: lethally poisoned (-2 -> -18), very quick
A: very small, no large weapons, unfitting armour, see invisible, speed 3
a: no special abilities


You were on level 3 of the Dungeon.
You visited 1 branch of the dungeon, and saw 3 of its levels.

You collected 61 gold pieces.

Inventory:

Hand Weapons
 a - a +3 dagger (weapon)
Missiles
 d - 7 poisoned darts
 e - 9 curare-tipped darts (quivered)
Armour
 b - a +0 robe (worn)
 c - a +0 cloak (worn)
Jewellery
 g - a ring of fire
Scrolls
 f - a scroll of identify {unknown}


   Skills:
 - Level 1.5 Fighting
 + Level 3.0 Short Blades
 - Level 2.0 Throwing
 + Level 2.2 Dodging
 + Level 7.5 Stealth


You had 2 spell levels left.
You didn't know any spells.
Your spell library contained the following spells:

 Spells                   Type           Power      Damage    Failure   Level
 Borgnjor's Revivificati  Necr           0%         N/A       100%        8
 Necromutation            Tmut/Necr      0%         N/A       100%        8
 Death's Door             Necr           0%         N/A       100%        9


Dungeon Overview and Level Annotations

Branches:
Dungeon (3/15)

Altars:


Innate Abilities, Weirdness & Mutations

You are very small and have problems with some larger weapons.
You are too small for most types of armour.
You have supernaturally acute eyesight. (SInv)
You cover ground extremely quickly. (Speed+++)


Message History

The kobold is severely wounded.
A scorpion comes into view.
The kobold barely misses you.
You barely miss the kobold.
The kobold is severely wounded.
The bat barely misses you. The kobold hits you with a +0 dagger.
You barely miss the kobold.
The kobold is severely wounded.
The kobold barely misses you. The bat misses you.
You hit the kobold.
You kill the kobold!
The bat misses you. The ball python barely misses you. x2
You hit the ball python but do no damage.
The bat barely misses you.
The ball python bites you but does no damage.
The ball python closely misses you. The bat completely misses you.
You hit the ball python.
You kill the ball python!
The bat closely misses you.
You completely miss the scorpion. The bat misses you.
The scorpion closely misses you. The scorpion stings you.
You hit the scorpion.
The scorpion is lightly wounded.
The bat closely misses you.
You hit the scorpion but do no damage.
The scorpion is lightly wounded.
The bat misses you. The scorpion completely misses you.
The scorpion stings you.
You are too injured to fight recklessly!
You are too injured to fight recklessly!
You are too injured to fight recklessly!
You are too injured to fight recklessly!
You hit the bat.
The bat is moderately wounded.
The bat closely misses you. The scorpion stings you.
* * * LOW HITPOINT WARNING * * *
You are lethally poisoned!
The scorpion poisons you!
You die...

......# ...#........####
...#...
##................###.#...
##.........................
#..........................
##..............b#.#####....
................... #.....
.................#.. #.....
.......b...@....>##.###...##
.......).s..?...###.......#
......†..#.....## ###..#..#
.....#).#....### ##....##
........#..$.# #.......
.....#.##...#########.......
.....#. #...##..............
.... #. #......######.......
./. ........### #.......


You could see a scorpion and 2 bats.

Vanquished Creatures
  5 orcs (D:3)
  5 bats
  5 endoplasms
  4 goblins
  4 hobgoblins
  4 jackals (D:1)
  2 quokkas
  4 ball pythons
  14 frilled lizards
  4 kobolds
  7 rats
58 creatures vanquished.

Vanquished Creatures (others)
  A fungus (D:1)
1 creature vanquished.

Grand Total: 59 creatures vanquished

Notes
Turn   | Place    | Note
-------+----------+-------------------------------------------
     0 | D:1      | zeram the Spriggan Brigand began the quest for the Orb.
     0 | D:1      | Reached XP level 1. HP: 10/10 MP: 2/2
    51 | D:1      | Reached skill level 6 in Stealth
   210 | D:1      | Reached XP level 2. HP: 6/14 MP: 3/3
   526 | D:1      | Found a faded altar of an unknown god.
   967 | D:1      | Reached skill level 7 in Stealth
  1183 | D:2      | Reached XP level 3. HP: 16/18 MP: 4/4
  2433 | D:3      | Noticed a scorpion
  2446 | D:3      | Succumbed to a scorpion's poison

Illustrated notes

Levels and vault maps discovered:
D:1:      dpeg_arrival_yet_another_circle, layout_basic,
          shapermc_ecumenical_altar_hornbeckon, st_stairs_10
D:2:      layout_basic, amcnicky_mini_pool_small, hangedman_decor_points,
          st_stairs_4, minmay_lizard_pond
D:3:      layout_rooms

Skill      XL: |  1  2  3 |
---------------+----------+-----
Stealth        | 6 7 |  7.5
Dodging        | 2 |  2.2
Short Blades   | 3 |  3.0
Fighting       | |  1.5
Throwing       | |  2.0

Action                   || total
-------------------------++-------
Melee: Dagger            ||   185
Throw: Dart              ||    11
  Use: Scroll            ||     5
 Stab: Sleeping          ||    12
Armor: Robe              ||    18
Dodge: Dodged            ||   133
